 Dungeon Sprint DCSS version 0.15-a0-1766-g0ee8742 (webtiles) character file.

39 BluebellGnoll the Cudgeler (level 3, -1/40 HPs)
             Began as an Ogre Arcane Marksman on June 28, 2014.
             Was an Initiate of Okawaru.
             Slain by a hill giant
             ... wielding a +0 giant spiked club
              (41 damage)
             ... in the Dungeon (Sprint IX: "|||||||||||||||||||||||||||||").
             The game lasted 00:05:08 (467 turns).

BluebellGnoll the Cudgeler (Ogre Arcane Marksman)    Turns: 467, Time: 00:05:08

HP  -1/40        AC 12     Str 16      XL: 3   Next: 47%
MP   2/4         EV 10     Int 13      God: Okawaru [......]
Gold 0           SH  0     Dex  9      Spells:  2 memorised,  1 level left

rFire  . . .     SeeInvis .     q - +2 morningstar (protect)
rCold  . . .     Clarity  .     a - +0 robe
rNeg   . . .     rCorr    .     (shield restricted)
rPois  .         rRot     .     (helmet restricted)
rElec  .         Spirit   .     (no cloak)
SustAb .         Warding  .     (gloves unavailable)
rMut   .         NoTele   +     (boots unavailable)
Gourm  .                        (no amulet)
MR     .....                    t - +2 ring of protection
                                s - +2 ring of protection

@: very slightly contaminated, invisible, not resistant to hostile enchantments,
very unstealthy
A: unfitting armour, tough skin 1
a: Renounce Religion


You were in the Dungeon.
You worshipped Okawaru.
Okawaru was noncommittal.
You were not hungry.

You visited 1 branch

Inventory:

Hand weapons
 h - a +0 flail
 l - a +0 club
 q - a +2 morningstar of protection (weapon)
 r - a +2 cutlass of distortion
Missiles
 b - 3 large rocks (quivered)
 c - a throwing net
Armour
 a - a +0 robe (worn)
Magical devices
 o - a wand of fire (7)
Comestibles
 f - a meat ration
Scrolls
 k - 2 scrolls of blinking
 m - 3 scrolls of remove curse
 n - 2 scrolls of amnesia
Jewellery
 s - a +2 ring of protection (left hand)
 t - a +2 ring of protection (right hand)
Potions
 e - 5 potions of curing
 g - 3 potions of heal wounds
 i - 4 potions of magic
Books
 d - a book of Debilitation

   Spells                             Type                      Level
   *Corona                            Hexes                        1
   *Slow                              Hexes                        2
   Inner Flame                        Hexes/Fire                   3
   Enslavement                        Hexes                        4
   Cause Fear                         Hexes                        4
   Leda's Liquefaction                Hexes/Earth                  4
Magical staves
 p - an uncursed staff of energy


   Skills:
 - Level 4.7 Fighting
 - Level 7.1 Maces & Flails
 - Level 2.1 Throwing
 - Level 1.7 Dodging
 * Level 1.2 Spellcasting
 + Level 2.1 Hexes


You had one spell level left.
You knew the following spells:

 Your Spells              Type           Power        Failure   Level  Hunger
a - Corona                Hex            #......      14%         1    ##.....
b - Slow                  Hex            #.......     21%         2    ###....


Dungeon Overview and Level Annotations

Branches:
Dungeon (1/1)

Altars:
Cheibriados
Dithmenos
Elyvilon
Fedhas
Gozag
Kikubaaqudgha
Makhleb
Nemelex Xobeh
Okawaru
Qazlal
Sif Muna
Trog
Vehumet
Xom
Yredelemnul
Zin
The Shining One
Beogh
Jiyva
Lugonu


Innate Abilities, Weirdness & Mutations

You are too large for most types of armour.
You have tough skin (AC +1).


Message History

Okawaru says: Bring me glory in combat!
Press ? for a list of commands and other information.
Cast which spell? (? or * to list)
Okay, then.
Cast which spell? (? or * to list)
Aiming: Slow
Press: ? - help, Shift-Dir - straight line, f - hill giant
Aim: a hill giant, wielding a giant spiked club You miscast Slow.
You are very lightly contaminated with residual magic.
Your skin tingles.
The hill giant closely misses you.
Drink which item? (? for menu, Esc to quit)
Okay, then.
Drink which item? (? for menu, Esc to quit)
You fade into invisibility!
You puncture the hill giant!
The hill giant is moderately wounded.
The hill giant hits you with a giant spiked club!!!
Ouch! That really hurt!
You die... ▓▓▓▓▓▓▓▓▓▓▓▓▓▓▓▓▓▓▓▓▓▓▓▓▓ +Z.GHooC@.[[[)...'_______ ▓▓▓▓▓▓▓▓▓▓▓▓▓▓▓▓▓▓▓▓▓▓▓▓▓

You could see a hill giant, a hippogriff, an eye of draining, 2 orcs and an adder zombie.

Vanquished Creatures
  A hound (D)
  An orc (D)
  A bat zombie (D)
  3 hobgoblins (D)
  3 kobolds (D)
  A rat (D)
10 creatures vanquished.

Notes
Turn   | Place    | Note
--------------------------------------------------------------
     0 | D        | BluebellGnoll, the Ogre Arcane Marksman, began the quest for the Orb.
     0 | D        | Reached XP level 1. HP: 19/19 MP: 2/2
     9 | D        | Reached skill level 3 in Fighting
    12 | D        | Reached skill level 4 in Fighting
   187 | D        | Noticed a hound
   203 | D        | Killed a hound
   203 | D        | Reached skill level 6 in Maces & Flails
   203 | D        | Reached XP level 2. HP: 8/33 MP: 0/3
   203 | D        | Reached XP level 3. HP: 9/40 MP: 0/4
   211 | D        | Reached skill level 7 in Maces & Flails
   243 | D        | Found a glowing silver altar of Zin.
   243 | D        | Found a glowing golden altar of the Shining One.
   243 | D        | Found an ancient bone altar of Kikubaaqudgha.
   243 | D        | Found a basalt altar of Yredelemnul.
   243 | D        | Found a shimmering altar of Xom.
   243 | D        | Found a radiant altar of Vehumet.
   243 | D        | Found an iron altar of Okawaru.
   244 | D        | Found a burning altar of Makhleb.
   245 | D        | Found a deep blue altar of Sif Muna.
   246 | D        | Found a bloodstained altar of Trog.
   247 | D        | Found a sparkling altar of Nemelex Xobeh.
   248 | D        | Found a white marble altar of Elyvilon.
   249 | D        | Found a roughly hewn altar of Beogh.
   250 | D        | Found a viscous altar of Jiyva.
   251 | D        | Found a corrupted altar of Lugonu.
   252 | D        | Became a worshipper of Warmaster Okawaru
   304 | D        | Found a blossoming altar of Fedhas.
   305 | D        | Found a snail-covered altar of Cheibriados.
   306 | D        | Found a shadowy altar of Dithmenos.
   307 | D        | Found a stormy altar of Qazlal.
   308 | D        | Found an opulent altar of Gozag.
   341 | D        | Learned a level 2 spell: Slow
   464 | D        | Noticed an eye of draining
   464 | D        | Noticed a hippogriff
   464 | D        | Noticed a hill giant
   467 | D        | Slain by a hill giant

Action                   || total
-------------------------++-------
Melee: Unarmed           ||    21
       Club              ||    10
       Morningstar       ||     1
Throw: Large rock        ||     8
       Throwing net      ||     2
 Cast: Corona            ||     4
  Use: Potion            ||     3
